TOP OF THE 1ST |
Scranton WB RailRiders batting - Pitching for Columbus Clippers : RHP Constantino Chamisso
|
Pitching: RHP Constantino Chamisso
|
|
Batting: RHB Devon Utley
|
0-0: Ball 1-0: Ground out 6-3 (Groundball, 56, EV 105.0 MPH)
|
Batting: LHB Aaron Joyner
|
0-0: Ball 1-0: Ball 2-0: Ball 3-0: Called Strike 3-1: Base on Balls
|
Batting: SHB Mukhtar Wa'il
|
0-0: Called Strike 0-1: Ball 1-1: Swinging Strike 1-2: Ball 2-2: Foul Ball, location: 2F 2-2: Foul Ball, location: 2F 2-2: Strikes out swinging
|
Batting: RHB Larry Martell
|
0-0: Ball 1-0: Ball Wild Pitch! Aaron Joyner to second 2-0: Called Strike 2-1: Foul Ball, location: 2F 2-2: Ball 3-2: Ground out 4-3 (Groundball, 4, EV 84.4 MPH)
|
Top of the 1st over - 0 runs, 0 hits, 0 errors, 1 left on base; Scranton WB 0 - Columbus 0 |
BOTTOM OF THE 1ST |
Columbus Clippers batting - Pitching for Scranton WB RailRiders : RHP Devon Wiley
|
Pitching: RHP Devon Wiley
|
|
Batting: LHB John Harring
|
0-0: Called Strike 0-1: Ball 1-1: Called Strike 1-2: Strikes out looking
|
Batting: LHB Gabe White
|
0-0: Ball 1-0: Ball 2-0: Ball 3-0: Base on Balls
|
Batting: LHB Brent Albertson
|
0-0: Called Strike 0-1: Called Strike 0-2: Foul Ball, location: 2F 0-2: Foul Ball, location: 2F 0-2: Ball 1-2: 2-RUN HOME RUN (Flyball, 89XD, EV 98.1 MPH), Distance : 402 ft
|
Batting: LHB Costodio Varino
|
0-0: Ball 1-0: Called Strike 1-1: Swinging Strike 1-2: Foul Ball, location: 2F 1-2: Ball 2-2: Ball 3-2: Strikes out swinging
|
Batting: LHB Kyle Schaible
|
0-0: Ball 1-0: Swinging Strike 1-1: Called Strike 1-2: Ball 2-2: Foul Ball, location: 2F 2-2: Strikes out swinging
|
Bottom of the 1st over - 2 runs, 1 hit, 0 errors, 0 left on base; Scranton WB 0 - Columbus 2 |
TOP OF THE 2ND |
Scranton WB RailRiders batting - Pitching for Columbus Clippers : RHP Constantino Chamisso
|
Batting: LHB Dan Morris
|
0-0: SINGLE (Groundball, 4MD, EV 97.5 MPH)
|
Batting: RHB Mike Gifford
|
0-0: Called Strike 0-1: Swinging Strike 0-2: Foul Ball, location: 2F 0-2: Ball 1-2: Fielders Choice at 2nd, 6-4 (Groundball, 6, EV 80.0 MPH)
|
Batting: SHB Joe Fure
|
0-0: Fielders Choice at 2nd, 5-4 (Groundball, 5, EV 91.9 MPH)
|
Now at 2B: Henri Cederberg
|
|
Now at SS: Gregg Whitecotton
|
|
Batting: RHB Johannes Gutermuth
|
0-0: Called Strike 0-1: Ball 1-1: Foul Ball, location: 2F 1-2: Strikes out swinging
|
Top of the 2nd over - 0 runs, 1 hit, 0 errors, 1 left on base; Scranton WB 0 - Columbus 2 |
BOTTOM OF THE 2ND |
Columbus Clippers batting - Pitching for Scranton WB RailRiders : RHP Devon Wiley
|
Batting: RHB Henri Cederberg
|
0-0: Called Strike 0-1: Ball 1-1: SINGLE (Flyball, 89S, EV 91.9 MPH)
|
Batting: LHB Tony Vitela
|
0-0: Ball 1-0: Called Strike 1-1: Foul Ball, location: 2F 1-2: Ball 2-2: Strikes out swinging
|
Batting: SHB Dan Hill
|
0-0: Ball Henri Cederberg steals 2nd base (no throw) 1-0: Foul Ball, location: 2F 1-1: Swinging Strike 1-2: Ball 2-2: Ball 3-2: Base on Balls
|
Batting: RHB Carlos Abrego
|
0-0: Fly out, F4 (Line Drive, 4, EV 75.6 MPH)
|
Batting: LHB John Harring
|
0-0: Called Strike 0-1: SINGLE (Groundball, 34D, EV 102.5 MPH) Henri Cederberg to third Dan Hill to second
|
Batting: LHB Gabe White
|
0-0: Ball 1-0: Called Strike 1-1: Foul Ball, location: 2F 1-2: Foul Ball, location: 2F 1-2: Ball 2-2: Foul Ball, location: 2F 2-2: Ball 3-2: Fly out, F6 (Popup, 6M, EV 63.8 MPH)
|
Bottom of the 2nd over - 0 runs, 2 hits, 0 errors, 3 left on base; Scranton WB 0 - Columbus 2 |
TOP OF THE 3RD |
Scranton WB RailRiders batting - Pitching for Columbus Clippers : RHP Constantino Chamisso
|
Batting: RHB Jordan Barragan
|
0-0: Swinging Strike 0-1: Called Strike 0-2: Ball 1-2: Strikes out swinging
|
Batting: RHB Devon Utley
|
0-0: Swinging Strike 0-1: Ball 1-1: Called Strike 1-2: Ball 2-2: Strikes out looking
|
Batting: LHB Aaron Joyner
|
0-0: Ball 1-0: Foul Ball, location: 2F 1-1: Swinging Strike 1-2: Strikes out swinging
|
Top of the 3rd over - 0 runs, 0 hits, 0 errors, 0 left on base; Scranton WB 0 - Columbus 2 |
BOTTOM OF THE 3RD |
Columbus Clippers batting - Pitching for Scranton WB RailRiders : RHP Devon Wiley
|
Batting: LHB Brent Albertson
|
0-0: Ball 1-0: Ball 2-0: Ball 3-0: Called Strike 3-1: Base on Balls
|
Batting: LHB Costodio Varino
|
0-0: Called Strike 0-1: Swinging Strike 0-2: Ball Pickoff Throw to First - Out! 1-3 CS 1-2: Ball 2-2: Ball 3-2: SINGLE (Line Drive, 56D, EV 95.6 MPH)
|
Batting: SHB Gregg Whitecotton
|
0-0: Ball 1-0: SINGLE (Groundball, 6MD, EV 105.6 MPH) Costodio Varino to second
|
Batting: RHB Henri Cederberg
|
0-0: Called Strike 0-1: Ball 1-1: Swinging Strike 1-2: Ball 2-2: DOUBLE (Groundball, 5L, EV 101.2 MPH) Costodio Varino scores Gregg Whitecotton to third Runner from 3rd tries for Home, SAFE, throw by LF to trailing runner, SAFE at third!
|
Batting: LHB Tony Vitela
|
0-0: Swinging Strike 0-1: Ground out 4-3 (Groundball, 34, EV 80.0 MPH) Henri Cederberg scores
|
Batting: SHB Dan Hill
|
0-0: Ball 1-0: Called Strike 1-1: Ground out 1-3 (Groundball, 15S, EV 68.8 MPH)
|
Bottom of the 3rd over - 3 runs, 3 hits, 0 errors, 0 left on base; Scranton WB 0 - Columbus 5 |
TOP OF THE 4TH |
Scranton WB RailRiders batting - Pitching for Columbus Clippers : RHP Constantino Chamisso
|
Batting: SHB Mukhtar Wa'il
|
0-0: Ball 1-0: Ball 2-0: Fly out, F5 (Popup, 5S, EV 72.5 MPH)
|
Batting: RHB Larry Martell
|
0-0: Called Strike 0-1: Foul Ball, location: 2F 0-2: SINGLE (Groundball, 56D, EV 106.2 MPH)
|
Batting: LHB Dan Morris
|
0-0: SINGLE (Groundball, 34S, EV 70.6 MPH) (infield hit) Larry Martell to second
|
Batting: RHB Mike Gifford
|
0-0: Foul Ball, location: 2F 0-1: Swinging Strike 0-2: Foul Ball, location: 2F 0-2: Fielders Choice at 2nd, 6-4 (Groundball, 6, EV 105.0 MPH) Larry Martell to third
|
Batting: SHB Joe Fure
|
0-0: Ball 1-0: Foul Ball, location: 2F 1-1: Called Strike 1-2: Ball 2-2: Strikes out looking
|
Top of the 4th over - 0 runs, 2 hits, 0 errors, 2 left on base; Scranton WB 0 - Columbus 5 |
BOTTOM OF THE 4TH |
Columbus Clippers batting - Pitching for Scranton WB RailRiders : RHP Devon Wiley
|
Pitching: RHP Joe Kimbrough
|
|
Batting: RHB Carlos Abrego
|
0-0: Ball 1-0: Ball 2-0: Called Strike 2-1: Foul Ball, location: 2F 2-2: Strikes out swinging
|
Batting: LHB John Harring
|
0-0: Called Strike 0-1: Foul Ball, location: 2F 0-2: Ball 1-2: Ground out 6-3 (Groundball, 6, EV 88.8 MPH)
|
Batting: LHB Gabe White
|
0-0: Ball 1-0: Swinging Strike 1-1: Ball 2-1: Foul Ball, location: 2F 2-2: Ball 3-2: Foul Ball, location: 2F 3-2: Ground out 3-1 (Groundball, 34, EV 90.6 MPH)
|
Bottom of the 4th over - 0 runs, 0 hits, 0 errors, 0 left on base; Scranton WB 0 - Columbus 5 |
TOP OF THE 5TH |
Scranton WB RailRiders batting - Pitching for Columbus Clippers : RHP Constantino Chamisso
|
Batting: RHB Johannes Gutermuth
|
0-0: Ground out 3-1 (Groundball, 34S, EV 81.2 MPH)
|
Batting: RHB Jordan Barragan
|
0-0: Ground out 5-3 (Groundball, 5S, EV 92.5 MPH)
|
Batting: RHB Devon Utley
|
0-0: Ground out 4-3 (Groundball, 13, EV 88.1 MPH)
|
Top of the 5th over - 0 runs, 0 hits, 0 errors, 0 left on base; Scranton WB 0 - Columbus 5 |
BOTTOM OF THE 5TH |
Columbus Clippers batting - Pitching for Scranton WB RailRiders : RHP Joe Kimbrough
|
Batting: LHB Brent Albertson
|
0-0: Ball 1-0: Swinging Strike 1-1: Fly out, F7 (Flyball, 7LM, EV 101.9 MPH)
|
Batting: LHB Costodio Varino
|
0-0: Swinging Strike 0-1: Called Strike 0-2: Ball 1-2: Strikes out swinging
|
Batting: SHB Gregg Whitecotton
|
0-0: Swinging Strike 0-1: Ball 1-1: Called Strike 1-2: Strikes out swinging
|
Bottom of the 5th over - 0 runs, 0 hits, 0 errors, 0 left on base; Scranton WB 0 - Columbus 5 |
TOP OF THE 6TH |
Scranton WB RailRiders batting - Pitching for Columbus Clippers : RHP Constantino Chamisso
|
Batting: LHB Aaron Joyner
|
0-0: Called Strike 0-1: Ball 1-1: Ball 2-1: DOUBLE (Flyball, 8RXD, EV 88.1 MPH)
|
Batting: SHB Mukhtar Wa'il
|
0-0: Fly out, F9 (Flyball, 9S, EV 94.4 MPH)
|
Batting: RHB Larry Martell
|
0-0: Foul Ball, location: 2F 0-1: Ball 1-1: Fly out, F8 (Flyball, 89D, EV 110.0 MPH)
|
Batting: LHB Dan Morris
|
0-0: Called Strike 0-1: Ball 1-1: Ball 2-1: Ball 3-1: Foul Ball, location: 2F 3-2: Foul Ball, location: 2F 3-2: Foul Ball, location: 2F 3-2: Base on Balls
|
Batting: RHB Mike Gifford
|
0-0: Ball 1-0: Called Strike 1-1: Foul Ball, location: 2F 1-2: Ball 2-2: Foul Ball, location: 2F 2-2: Strikes out swinging
|
Top of the 6th over - 0 runs, 1 hit, 0 errors, 2 left on base; Scranton WB 0 - Columbus 5 |
BOTTOM OF THE 6TH |
Columbus Clippers batting - Pitching for Scranton WB RailRiders : RHP Joe Kimbrough
|
Batting: RHB Henri Cederberg
|
0-0: Ground out U3 (Groundball, 3, EV 81.2 MPH)
|
Batting: LHB Tony Vitela
|
0-0: Called Strike 0-1: Ball 1-1: Ball 2-1: Ball 3-1: SINGLE (Line Drive, 5L, EV 106.2 MPH)
|
Batting: SHB Dan Hill
|
0-0: Ball 1-0: Ball Tony Vitela steals 2nd base (no throw) 2-0: Ball 3-0: Called Strike 3-1: Foul Ball, location: 2F 3-2: Foul Ball, location: 2F 3-2: DOUBLE (Flyball, 78XD, EV 105.6 MPH) Tony Vitela scores
|
Batting: RHB Carlos Abrego
|
0-0: Ball 1-0: Ball 2-0: Ball 3-0: Base on Balls
|
Batting: LHB John Harring
|
0-0: Called Strike 0-1: Ball 1-1: Called Strike 1-2: Ball 2-2: SINGLE (Groundball, 56D, EV 98.8 MPH) Dan Hill to third Carlos Abrego to second Runner from 3rd tries for Home, SAFE, throw by LF to home
|
Batting: LHB Gabe White
|
0-0: Foul Ball, location: 2F 0-1: Ball 1-1: Called Strike 1-2: Strikes out swinging
|
Pitching: LHP Ramon Escobedo
|
|
Batting: LHB Brent Albertson
|
0-0: Fly out, F8 (Flyball, 8LD, EV 96.9 MPH)
|
Bottom of the 6th over - 2 runs, 3 hits, 0 errors, 2 left on base; Scranton WB 0 - Columbus 7 |
TOP OF THE 7TH |
Scranton WB RailRiders batting - Pitching for Columbus Clippers : RHP Constantino Chamisso
|
Batting: SHB Joe Fure
|
0-0: Fly out, F9 (Flyball, 89S, EV 89.4 MPH)
|
Batting: RHB Johannes Gutermuth
|
0-0: Called Strike 0-1: Foul Ball, location: 2F 0-2: Strikes out swinging
|
Batting: RHB Jordan Barragan
|
0-0: Ball 1-0: Ball 2-0: Swinging Strike 2-1: Ball 3-1: Called Strike 3-2: Reached on error, E4 (Groundball, 4, EV 103.8 MPH)
|
Batting: RHB Devon Utley
|
0-0: Ball 1-0: Fly out, F7 (Line Drive, 78M, EV 93.1 MPH)
|
Top of the 7th over - 0 runs, 0 hits, 1 error, 1 left on base; Scranton WB 0 - Columbus 7 |
BOTTOM OF THE 7TH |
Columbus Clippers batting - Pitching for Scranton WB RailRiders : LHP Ramon Escobedo
|
Batting: LHB Costodio Varino
|
0-0: Called Strike 0-1: Ball 1-1: Foul Ball, location: 2F 1-2: Foul Ball, location: 2F 1-2: SINGLE (Groundball, 34D, EV 100.6 MPH)
|
Batting: SHB Gregg Whitecotton
|
0-0: Called Strike 0-1: Grounds into double play, 6-4-3 (Groundball, 6, EV 86.2 MPH)
|
Batting: RHB Henri Cederberg
|
0-0: Ball 1-0: Ground out U3 (Groundball, 34, EV 108.1 MPH)
|
Bottom of the 7th over - 0 runs, 1 hit, 0 errors, 0 left on base; Scranton WB 0 - Columbus 7 |
TOP OF THE 8TH |
Scranton WB RailRiders batting - Pitching for Columbus Clippers : RHP Constantino Chamisso
|
Batting: LHB Aaron Joyner
|
0-0: Ball 1-0: Called Strike 1-1: Swinging Strike 1-2: Ball 2-2: Strikes out looking
|
Batting: SHB Mukhtar Wa'il
|
0-0: Swinging Strike 0-1: SINGLE (Groundball, 4D, EV 103.8 MPH)
|
Batting: RHB Larry Martell
|
0-0: SINGLE (Groundball, 56D, EV 98.8 MPH) Mukhtar Wa'il to second
|
Batting: LHB Dan Morris
|
0-0: Ball 1-0: Called Strike 1-1: Foul Ball, location: 2F 1-2: Strikes out swinging
|
Batting: RHB Mike Gifford
|
0-0: Ball 1-0: Called Strike 1-1: 3-RUN HOME RUN (Flyball, 9D, EV 103.8 MPH), Distance : 390 ft
|
Batting: SHB Joe Fure
|
0-0: Ball 1-0: Foul Ball, location: 2F 1-1: Foul Ball, location: 2F 1-2: Strikes out swinging, 2-3 out at first.
|
Top of the 8th over - 3 runs, 3 hits, 0 errors, 0 left on base; Scranton WB 3 - Columbus 7 |
BOTTOM OF THE 8TH |
Columbus Clippers batting - Pitching for Scranton WB RailRiders : LHP Ramon Escobedo
|
Pitching: RHP Jim Milch
|
|
Batting: LHB Tony Vitela
|
0-0: Ball 1-0: Ball 2-0: Called Strike 2-1: Ball 3-1: Foul Ball, location: 2F 3-2: Strikes out looking
|
Batting: SHB Dan Hill
|
0-0: DOUBLE (Flyball, 8LXD, EV 108.8 MPH)
|
Batting: RHB Carlos Abrego
|
0-0: Ball 1-0: Called Strike 1-1: Ball 2-1: Foul Ball, location: 2F 2-2: Ball 3-2: Foul Ball, location: 2F 3-2: Foul Ball, location: 2F 3-2: Base on Balls
|
Batting: LHB John Harring
|
0-0: Called Strike 0-1: Foul Ball, location: 2F 0-2: Ball 1-2: Strikes out swinging
|
Batting: LHB Gabe White
|
0-0: Foul Ball, location: 2F 0-1: Hit by Pitch Dan Hill to third Carlos Abrego to second
|
Batting: LHB Brent Albertson
|
0-0: Ball 1-0: Ball 2-0: Fly out, F9 (Flyball, 89M, EV 91.2 MPH)
|
Bottom of the 8th over - 0 runs, 1 hit, 0 errors, 3 left on base; Scranton WB 3 - Columbus 7 |
TOP OF THE 9TH |
Scranton WB RailRiders batting - Pitching for Columbus Clippers : RHP Constantino Chamisso
|
Pitching: LHP Neal Chauveau
|
|
Batting: RHB Johannes Gutermuth
|
0-0: Ball 1-0: Swinging Strike 1-1: Ball 2-1: Fly out, F8 (Line Drive, 8RXD, EV 110.0 MPH)
|
Batting: RHB Jordan Barragan
|
0-0: Ball 1-0: Ball 2-0: Ground out 4-3 (Groundball, 4, EV 84.4 MPH)
|
Batting: RHB Devon Utley
|
0-0: Called Strike 0-1: Ground out 5-3 (Groundball, 56S, EV 68.8 MPH)
|
Top of the 9th over - 0 runs, 0 hits, 0 errors, 0 left on base; Scranton WB 3 - Columbus 7 |
|